[Event "Eurasia Open Cup 2018"]
[Site "Jekaterienburg"]
[Date "2018.08.10"]
[Round "9"]
[White "Tsydypov, Zhamsaran"]
[Black "Patrushev, Konstantin"]
[Result "1-0"]
[ECO "C42"]
[WhiteElo "2514"]
[BlackElo "2138"]
[Annotator "ChessBase"]
[PlyCount "61"]
[EventDate "2018.08.01"]
[EventType "swiss"]
[EventCountry "RUS"]
[SourceTitle "playchess.com"]
[Source "ChessBase"]
[SourceQuality "1"]
[TimeControl "5400+30"]

1. e4 e5 2. Nf3 Nf6 3. Nxe5 d6 4. Nf3 Nxe4 5. d4 d5 6. Bd3 Nc6 7. O-O Be7 8. Re1 Bf5 9. a3 Nd6 10. Nc3 Be6 11. h3 O-O 12. Ne2 Bf5 13. Nf4 Be4 14. c3 Na5 15. Ne5 Bxd3 16. Nfxd3 Nac4 17. Nc5 Bg5 18. Nxc4 dxc4 19. Bxg5 Qxg5 20. Qf3 c6 21. Re5 Qd8 22. Rae1 Rc8 23. Qf4 Rc7 24. R1e3 b6 25. Na6 Rd7 26. Nb4 Qc7 27. Qf3 f6 28. Re6 Rc8 29. d5 c5 30. Nc6 Rf8 31. Ne7+ 1-0

[Event "Eurasia Open Cup 2018"]
[Site "Jekaterienburg"]
[Date "2018.08.10"]
[Round "9"]
[White "Popov, Mikhail"]
[Black "Saunina, Ludmila"]
[Result "1-0"]
[ECO "A13"]
[WhiteElo "2401"]
[BlackElo "2214"]
[Annotator "ChessBase"]
[PlyCount "75"]
[EventDate "2018.08.01"]
[EventType "swiss"]
[EventCountry "RUS"]
[SourceTitle "playchess.com"]
[Source "ChessBase"]
[SourceQuality "1"]
[TimeControl "5400+30"]

1. c4 Nf6 2. g3 e6 3. Bg2 d5 4. Nf3 dxc4 5. Qa4+ Nbd7 6. Qxc4 c5 7. O-O a6 8. Qc2 b5 9. a4 Bb7 10. Nc3 b4 11. Nb1 Rc8 12. d3 Be7 13. Nbd2 O-O 14. a5 Qc7 15. Nc4 e5 16. e4 Rfe8 17. b3 Bd6 18. Bb2 Rcd8 19. Nh4 Bc8 20. f4 exf4 21. Nxd6 Qxd6 22. Nf5 Qf8 23. gxf4 Nh5 24. e5 Re6 25. Qd1 g6 26. Nd6 Re7 27. Rc1 Ng7 28. d4 cxd4 29. Qxd4 Nb8 30. Qxb4 Be6 31. Ba3 Ra7 32. Qb6 Rad7 33. Nb7 Rxb7 34. Bxb7 Qe8 35. Rfd1 Nd7 36. Qxd8 Qxd8 37. Rc8 Qxc8 38. Bxc8 1-0

[Event "Eurasia Open Cup 2018"]
[Site "Jekaterienburg"]
[Date "2018.08.10"]
[Round "9"]
[White "Dilmukhametov, Artur"]
[Black "Badmatsyrenov, Oleg"]
[Result "1/2-1/2"]
[ECO "B22"]
[WhiteElo "2354"]
[BlackElo "2454"]
[Annotator "ChessBase"]
[PlyCount "70"]
[EventDate "2018.08.01"]
[EventType "swiss"]
[EventCountry "RUS"]
[SourceTitle "playchess.com"]
[Source "ChessBase"]
[SourceQuality "1"]
[TimeControl "5400+30"]

1. e4 c5 2. c3 d5 3. exd5 Qxd5 4. d4 Nf6 5. Nf3 Bg4 6. Be2 e6 7. O-O Nc6 8. h3 Bh5 9. Be3 cxd4 10. Nxd4 O-O-O 11. Bxh5 Nxh5 12. c4 Qc5 13. Nxc6 Rxd1 14. Nxa7+ Qxa7 15. Bxa7 Rd3 16. Nc3 Bb4 17. Rfd1 Rxd1+ 18. Nxd1 Rd8 19. Be3 f5 20. a3 Ba5 21. b4 Bc7 22. Nc3 Be5 23. Rc1 Rd3 24. Nb5 Ng3 25. Re1 Ne4 26. Kf1 Kd7 27. Ke2 Rb3 28. Rd1+ Ke7 29. f4 Bf6 30. Rd3 Ng3+ 31. Kd2 Ne4+ 32. Ke2 Ng3+ 33. Kd2 Ne4+ 34. Ke2 Ng3+ 35. Kd2 Ne4+ 1/2-1/2

[Event "Eurasia Open Cup 2018"]
[Site "Jekaterienburg"]
[Date "2018.08.10"]
[Round "9"]
[White "Pastukhov, Leonid"]
[Black "Fotin, Vladimir"]
[Result "1/2-1/2"]
[ECO "D27"]
[WhiteElo "2166"]
[BlackElo "2359"]
[Annotator "ChessBase"]
[PlyCount "79"]
[EventDate "2018.08.01"]
[EventType "swiss"]
[EventCountry "RUS"]
[SourceTitle "playchess.com"]
[Source "ChessBase"]
[SourceQuality "1"]
[TimeControl "5400+30"]

1. d4 d5 2. c4 dxc4 3. e3 e6 4. Bxc4 Nf6 5. Nf3 a6 6. O-O c5 7. dxc5 Bxc5 8. Qxd8+ Kxd8 9. a3 Ke7 10. b4 Bd6 11. Bb2 b5 12. Bb3 Bb7 13. Nbd2 Nbd7 14. Rfe1 h6 15. e4 e5 16. Nh4 g6 17. Rad1 a5 18. f4 axb4 19. axb4 Rhd8 20. h3 Nh5 21. fxe5 Bxe5 22. Bxe5 Nxe5 23. Bd5 Bxd5 24. exd5 Rxd5 25. Nhf3 f6 26. Nxe5 fxe5 27. Nf3 Rxd1 28. Rxd1 Nf4 29. Re1 Ra2 30. Rxe5+ Kf6 31. Rxb5 Rxg2+ 32. Kf1 Rg3 33. Kf2 Rxh3 34. Rb8 g5 35. b5 Ne6 36. b6 g4 37. Nd2 Rd3 38. Ne4+ Ke5 39. b7 g3+ 40. Nxg3 1/2-1/2